[Event "CCT Julius Baer-D3 2024"]
[Site "Online"]
[Date "2024.09.27"]
[Round "2.1"]
[White "Navara, David"]
[Black "Bharath Subramaniyam H"]
[Result "1/2-1/2"]
[ECO "E44"]
[WhiteElo "2681"]
[BlackElo "2561"]
[Annotator "TA"]
[PlyCount "168"]
[EventDate "2024.09.25"]
[EventType "swiss"]
[EventCountry "NET"]
[SourceTitle "playchess.com"]
[Source "ChessBase"]
[SourceQuality "1"]
[TimeControl "600+2"]

1. d4 Nf6 2. c4 e6 3. Nc3 Bb4 4. e3 b6 5. Nge2 Ne4 6. Qc2 Bb7 7. a3 Bxc3+ 8. Nxc3 Nxc3 9. Qxc3 d6 {[%emt 0:00:08] E44: Nimzo-Indian: Rubinstein: 4...b6 5 Ne2.} 10. h4 Nd7 11. f3 $146 ({Predecessor:} 11. b3 Qe7 12. Bb2 f5 13. f3 Rg8 14. O-O-O O-O-O 15. b4 h6 16. h5 Nf6 17. Bd3 {½-½ Tabatabaei,M (2677)-Theodorou,N (2584) Airthings Masters Div 3 L rapid 2023 (3.2)}) 11... e5 12. b4 O-O 13. Bb2 Qe7 14. dxe5 dxe5 15. h5 h6 16. c5 bxc5 17. bxc5 Bc6 18. e4 Rab8 19. Rc1 Qg5 20. Kf2 Nxc5 21. Rc2 Bxe4 22. Qxc5 Bxc2 23. Qxc2 Rfd8 24. Bc1 Qf6 25. Be2 Qe7 26. a4 Rd4 27. Be3 Rh4 28. Rc1 Rxh5 29. Qxc7 Qh4+ 30. Kf1 Rb2 31. Qc8+ Kh7 32. Bd3+ g6 33. Bxg6+ Kg7 34. Bc2 Qh1+ 35. Kf2 Qh4+ 36. Kf1 Qh1+ 37. Bg1 Rg5 38. Qh3 Qxh3 39. gxh3 Rg3 40. Be4 a6 41. Bf2 Rxh3 42. Kg2 Rh5 43. Rc2 Rg5+ 44. Kf1 Rb1+ 45. Ke2 Ra1 46. Bc6 Rg6 47. f4 Re6 48. Bd5 Rd6 49. Bc4 exf4 50. Kf3 Rxa4 51. Be2 (51. Bc5 $11 {remains equal.} Rd1 52. Kxf4) 51... Rf6 ({Black should try} 51... Ra3+ $17 52. Ke4 Rd8 53. Bd4+ Kh7) 52. Be1 Rg6 53. Rc7 Ra3+ 54. Bc3+ $2 (54. Kf2 $11) 54... Kf8 $2 (54... Rxc3+ $1 {mates} 55. Rxc3 Rg3+ 56. Kxf4 Rxc3 57. Bxa6 h5 58. Kg5 Rh3 59. Be2 h4 60. Bh5 Rh2 61. Kg4 Kf6 62. Kf4 Rg2 63. Bg4 Rxg4+ (63... Rf2+ $2 64. Ke3 $19) (63... Rg3 {gets mated.} 64. Bh5 Rc3 65. Bg4 h3 66. Bf3 h2 67. Bh1 Rc1 68. Bg2 h1=Q 69. Bxh1 Rxh1 70. Ke4 Rd1 71. Ke3 Kf5 72. Ke2 Rd6 73. Ke3 Rd5 74. Kf3 Re5 75. Kg3 Re3+ 76. Kf2 Kf4 77. Kg2 Re2+ 78. Kf1 Kf3 79. Kg1 Kg3 80. Kf1 Re6 81. Kg1 Re1#) 64. Kxg4 Ke5 (64... h3 65. Kxh3 Ke5 66. Kg3 Ke4 67. Kf2 Kf4 68. Kg2 Ke3 69. Kg3 f5 70. Kg2 f4 71. Kf1 Kf3 72. Ke1 Kg2 73. Ke2 f3+ 74. Ke3 f2 75. Kf4 f1=Q+ 76. Ke5 Qb5+ 77. Ke6 Kg3 78. Kf7 Kf4 79. Kg6 Qb6+ 80. Kg7 Kf5 81. Kf8 Kf6 82. Ke8 Qd4 83. Kf8 Qd8#) 65. Kxh4 f5 66. Kg3 Ke4 67. Kf2 Kf4 68. Ke2 Kg3 69. Ke1 Kg2 70. Ke2 f4 71. Kd3 f3 72. Ke3 f2 73. Ke4 f1=Q (73... f1=B 74. Kf5 $11) 74. Ke5 Kf3 75. Ke6 Qb5 76. Kf7 Qd7+ 77. Kg6 Qe7 78. Kf5 Qd6 79. Kg5 Qe6 80. Kh5 Kf4 81. Kh4 Qh6#) 55. Kxf4 $11 Ra4+ 56. Bc4 Re6 57. Kf3 Rxc4 (57... Re7 {looks sharper.} 58. Rc5 Ke8 59. Bf6 Rb7) 58. Rxc4 Ke7 59. Rc7+ Ke8 60. Kf4 Kf8 61. Kf5 Ke8 62. Bf6 Kf8 63. Rc8+ Re8 64. Bg7+ Ke7 $1 65. Rc7+ ({Of course not} 65. Rxe8+ Kxe8 66. Bxh6 a5 $11) 65... Kd6 66. Rxf7 Kc6 67. Bxh6 a5 68. Bg7 Kb5 69. Be5 a4 70. Ke4 Rd8 71. Bd4 a3 72. Kd3 Ra8 (72... Ka4 $11) 73. Rf5+ Kc6 74. Kc4 (74. Ba1 $16) 74... Ra4+ $1 $11 75. Kd3 a2 (75... Ra8 $1 $11 {keeps the balance.}) 76. Ba1 $16 Kb6 77. Kc3 Ra8 78. Kb3 Kc6 79. Kb4 Kd6 80. Rf1 ({White should play} 80. Kc4 $16) 80... Rb8+ $11 81. Ka3 Rb1 82. Rf6+ Ke7 83. Kxa2 Rxa1+ $1 84. Kxa1 Kxf6 1/2-1/2

[Event "CCT Julius Baer-D3 2024"]
[Site "Online"]
[Date "2024.09.27"]
[Round "2.1"]
[White "Alekseenko, Kirill"]
[Black "Caruana, Fabiano"]
[Result "0-1"]
[ECO "C50"]
[WhiteElo "2679"]
[BlackElo "2798"]
[Annotator "TA"]
[PlyCount "78"]
[EventDate "2024.09.25"]
[EventType "swiss"]
[EventCountry "NET"]
[SourceTitle "playchess.com"]
[Source "ChessBase"]
[SourceQuality "1"]
[TimeControl "600+2"]

1. e4 e5 2. Nf3 Nc6 3. Bc4 Bc5 4. d3 d6 5. a3 h6 6. Nc3 a6 7. Be3 Nge7 8. Bxc5 {[%emt 0:00:55] The position is equal.} dxc5 9. Nd5 Be6 10. Ne3 Qd7 11. O-O Ng6 12. Bxe6 Qxe6 13. g3 O-O-O {[%emt 0:00:24] [#]} 14. b4 $1 cxb4 (14... h5 15. h4) 15. axb4 Nxb4 16. Qb1 Nc6 17. Qb2 {[%emt 0:00:14][%mdl 1024] White has compensation.} a5 18. Rfb1 (18. Qb5 $5) 18... b6 19. Qb5 Nge7 {[%emt 0:00:02] Dodges Nd5} 20. c3 f6 21. Ra4 (21. Nc4 $14) 21... Nb8 $11 22. d4 {[%emt 0:00:16] [#] Black must now prevent d5.} (22. Rxa5 bxa5 23. Qxb8+ Kd7 24. Qb5+ Qc6 25. Qxa5 Ra8 26. Nxe5+ (26. Qb4 $2 Rhb8 $19) 26... fxe5 27. Qxe5 Rhb8 28. Rxb8 Rxb8 29. Qxg7 Qg6 30. Qd4+ Qd6 31. Qa4+ Kd8 $19) 22... Qc6 23. Qb3 {[%emt 0:00:06] Strongly threatening Rc4.} Qxe4 24. Nd2 Qc6 {[%emt 0:00:18] Prevents Qe6+} (24... Qd3 $1 $11 {keeps the balance.} 25. Ndc4 Nd5 (25... exd4 26. Nxb6+ cxb6 27. Qe6+ Rd7 28. Rc4+ Nbc6 29. Rd1 $11)) 25. Ndc4 $16 {[%emt 0:00:34][%cal Oc4a5] Threatens to win with Nxa5!} Nd7 26. Qa3 ({Better is} 26. Nxa5 $16 bxa5 27. d5 Nxd5 (27... Qa6 $2 28. Rxa5 Qb6 29. Qa2 $18) 28. Nxd5) 26... Rhe8 $1 $11 27. Nxa5 bxa5 $17 28. Rc4 (28. Rxa5 $17 Nb6 29. Rc5) 28... Qa6 $19 29. d5 $2 {[%emt 0:00:21][%mdl 8192] Loses the game.} (29. Qb3 $17) 29... Nb6 {[%emt 0:00:49] Black is clearly winning.} 30. Rxc7+ (30. Rc5 $142 Nexd5 31. Rxa5) 30... Kxc7 31. Qc5+ Kb7 {[%emt 0:00:09] ...Rd7 would now be deadly.} 32. Nc4 Nexd5 {[%emt 0:00:12] ...a4 is the strong threat.} (32... Rxd5 $2 {loses.} 33. Rxb6+ $18) 33. Nxa5+ Ka8 34. Qc6+ Ka7 35. Nb3 Rc8 36. Qd6 Red8 37. Qe6 Nxc3 38. Ra1 Rd1+ 39. Rxd1 Nxd1 {[%emt 0:00:00] Weighted Error Value: White=0.72/Black=0.08 (flawless) .  Loses game:     	White=1     	---        Mistake:       	White=5     	Black=1      Inaccurate:     	---       	Black=2      OK:         	White=9     	Black=7      Best:        	White=2     	Black=4      Strong:       	---       	Black=1      Brilliant:      	White=1     	---} 0-1

[Event "CCT Julius Baer-D3 2024"]
[Site "Online"]
[Date "2024.09.27"]
[Round "2.1"]
[White "Gelfand, Boris"]
[Black "Korobov, Anton"]
[Result "1/2-1/2"]
[ECO "A07"]
[WhiteElo "2658"]
[BlackElo "2650"]
[Annotator "RC"]
[PlyCount "99"]
[EventDate "2024.09.25"]
[EventType "swiss"]
[EventCountry "NET"]
[SourceTitle "playchess.com"]
[Source "ChessBase"]
[SourceQuality "1"]
[TimeControl "600+2"]

1. Nf3 d5 2. g3 c6 3. Bg2 Bg4 4. h3 Bxf3 5. Bxf3 Nd7 6. d3 Ngf6 7. O-O e5 8. e4 Be7 9. exd5 Nxd5 10. Nc3 Nxc3 11. bxc3 O-O 12. Re1 Qc7 13. Rb1 Rad8 14. Bg2 Rfe8 15. Qg4 Nf6 16. Qa4 Bc5 17. Bg5 Re6 18. Qc4 Bb6 19. Re2 h6 20. Bd2 Rde8 21. Rbe1 Qd6 22. a4 e4 23. dxe4 Nxe4 24. Bf4 Qc5 25. Qxc5 Nxc5 26. Rxe6 Rxe6 27. Ra1 Ne4 28. Bxe4 Rxe4 29. a5 Bc5 30. Kf1 Kf8 31. f3 Re7 32. Ra4 g5 33. Bd2 a6 34. h4 f6 35. h5 Kf7 36. Rc4 Bd6 37. g4 Re5 38. Ra4 Rb5 39. Ke2 Bc7 40. c4 Rb1 41. Rb4 Rxb4 42. Bxb4 Be5 43. Kd3 Bh2 44. Ke4 Bc7 45. Kf5 Bd8 46. c5 Be7 47. Ba3 Bd8 48. Bb4 Be7 49. Ba3 Bd8 50. Bb4 1/2-1/2

[Event "CCT Julius Baer-D3 2024"]
[Site "Online"]
[Date "2024.09.27"]
[Round "2.1"]
[White "Svane, Rasmus"]
[Black "Moussard, Jules"]
[Result "1-0"]
[ECO "D35"]
[WhiteElo "2629"]
[BlackElo "2600"]
[Annotator "TA"]
[PlyCount "67"]
[EventDate "2024.09.25"]
[EventType "swiss"]
[EventCountry "NET"]
[SourceTitle "playchess.com"]
[Source "ChessBase"]
[SourceQuality "1"]
[TimeControl "600+2"]

1. c4 e6 2. Nc3 d5 3. d4 Nf6 4. cxd5 exd5 5. Bg5 c6 6. e3 h6 7. Bh4 Be7 8. Bd3 O-O 9. Nge2 Ne8 10. Bg3 Nd6 11. O-O {[%emt 0:00:37] White has an edge.} Re8 12. Qc2 Bf8 13. Rae1 a5 14. Kh1 Na6 15. a3 {[%emt 0:00:02] Inhibits Nb4.} Nc7 16. Ng1 b5 17. Nf3 Nc4 18. Ne5 Nxe5 19. Bxe5 Bd6 20. Bxd6 Qxd6 21. Rc1 Ne6 22. Ne2 Bd7 23. Bf5 h5 (23... a4 $14) 24. Bxe6 ({White should play} 24. Ng3 $16) 24... Qxe6 25. Nf4 Qh6 26. Nd3 {[%emt 0:00:27] aiming for Ne5.} h4 (26... Bf5 $11) 27. Ne5 $36 {[%emt 0:00:25][%mdl 2048] White is in control.} h3 28. Nxd7 $18 hxg2+ (28... Qe6 $142) 29. Kxg2 Re4 $2 {[%emt 0:00:52] [#]} (29... Qe6 30. Ne5 (30. Qxc6 Qg4+ 31. Kh1 Qf3+ 32. Kg1 Qg4+ 33. Kh1 Qf3+ 34. Kg1 Qg4+ 35. Kh1 $11) 30... f6 31. Qxc6 (31. Nxc6 Qg4+ 32. Kh1 Qf3+ 33. Kg1 Qg4+ 34. Kh1 Qf3+ 35. Kg1 Qg4+ 36. Kh1 $11) 31... fxe5 32. Qxe6+ (32. Qxb5 Qg4+ 33. Kh1 Qf3+ 34. Kg1 exd4 $17) 32... Rxe6 33. dxe5 Rxe5) 30. Ne5 Re8 31. Qxc6 Qg5+ 32. Kh1 Re6 33. Qa8+ Kh7 34. Qh8+ {[%emt 0:00:01] Weighted Error Value: White=0.18 (very precise) /Black=0.80.  Mistake:       	White=1     	Black=5      Inaccurate:     	White=2     	Black=1      OK:         	White=6     	Black=5      Best:        	White=2     	Black=1} 1-0

[Event "CCT Julius Baer-D3 2024"]
[Site "Online"]
[Date "2024.09.27"]
[Round "2.1"]
[White "Santos Latasa, Jaime"]
[Black "Keymer, Vincent"]
[Result "1/2-1/2"]
[ECO "C50"]
[WhiteElo "2624"]
[BlackElo "2730"]
[Annotator "TA"]
[PlyCount "148"]
[EventDate "2024.09.25"]
[EventType "swiss"]
[EventCountry "NET"]
[SourceTitle "playchess.com"]
[Source "ChessBase"]
[SourceQuality "1"]
[TimeControl "600+2"]

1. e4 e5 2. Nf3 Nc6 3. Bc4 Nf6 4. d3 Bc5 5. O-O a6 6. a4 {[%emt 0:00:02] C50: Hungarian Defence and Giuoco Pianissimo.} d6 7. c3 Ba7 8. Re1 O-O 9. Nbd2 Ng4 10. Re2 Kh8 11. h3 f5 12. b4 $146 ({Predecessor:} 12. Nf1 fxe4 13. dxe4 Nh6 14. Re1 Qf6 15. Ng3 Bxh3 16. Bg5 Qg6 17. gxh3 Rxf3 18. Qxf3 Qxg5 {0-1 Alekseenko,K (2671)-Ding,L (2811) FIDE World Cup 2019 (4.4)}) 12... Nf6 13. Bb3 fxe4 14. dxe4 Nh5 15. Re1 Qf6 16. Nf1 Bxh3 17. Be3 Bd7 18. Bxa7 Rxa7 19. Ne3 Ne7 20. Ra2 Raa8 21. Nh2 Nf4 22. Nhg4 Qg5 23. g3 h5 24. Nh2 Qg6 25. Nf3 Nh3+ 26. Kg2 Qxe4 27. Nd5 Qg4 28. Nxe5 dxe5 29. Qxg4 hxg4 30. Nxe7 Rf6 31. Rxe5 g6 32. Nd5 Bc6 33. Rd2 Raf8 34. Ree2 Rf5 35. c4 b5 36. Bc2 bxc4 37. Be4 Bxd5 38. Rxd5 Rxf2+ 39. Rxf2 Rxf2+ 40. Kh1 Rf6 41. Kg2 {[%emt 0:00:06] [#]} Re6 $2 (41... Rf2+ 42. Kh1 $19) ({Black should play} 41... c3 $1 $19 42. Rc5 Rf2+ 43. Kh1) 42. Rd4 $11 Ng5 43. Bb7 c3 44. Rc4 $1 Re2+ 45. Kf1 Re3 (45... Rb2 {simplifies} 46. Rxc3 Rb1+ 47. Kg2 Rxb4 48. Bxa6 Rxa4 49. Bd3 Kh7) 46. a5 Nf3 47. Kf2 Rd3 $1 48. Rxc7 (48. Rxg4 $2 Ne5 49. Rh4+ Kg7 $19) 48... Rd4 $1 49. b5 (49. Rxc3 {simplifies} Rxb4 50. Bxf3 gxf3 51. Rc6) 49... axb5 50. a6 Ra4 51. Rxc3 b4 52. Rc4 Ra2+ 53. Ke3 b3 54. Rxg4 b2 55. Rb4 (55. Kxf3 b1=Q (55... b1=R 56. Rxg6 Rf1+ 57. Kg4 $11) 56. Rd4 Ra3+ 57. Kg2 Qb2+ 58. Kh3 Qxd4) 55... Nd2 56. Bd5 Rxa6 57. Rxb2 (57. Kxd2 $5 Rd6 $8 58. Rxb2 (58. Rb8+ Kg7 $17) 58... Rxd5+ 59. Ke2 $11) 57... Nf1+ 58. Kf2 Rf6+ 59. Bf3 Nh2 60. Rb3 Kg7 61. Kg2 Nxf3 62. Rxf3 Rxf3 63. Kxf3 Kf6 64. Kf4 g5+ 65. Ke4 Ke6 66. g4 Kf6 67. Kd5 Kf7 68. Ke5 Ke7 69. Kf5 Kf7 70. Kxg5 Kg7 71. Kf5 Kf7 72. g5 Kg7 73. g6 Kg8 74. g7 Kxg7 1/2-1/2

[Event "CCT Julius Baer-D3 2024"]
[Site "Online"]
[Date "2024.09.27"]
[Round "2.1"]
[White "Theodorou, Nikolas"]
[Black "Makarian, Rudik"]
[Result "1/2-1/2"]
[ECO "B51"]
[WhiteElo "2619"]
[BlackElo "2550"]
[Annotator "TA"]
[PlyCount "121"]
[EventDate "2024.09.25"]
[EventType "swiss"]
[EventCountry "NET"]
[SourceTitle "playchess.com"]
[Source "ChessBase"]
[SourceQuality "1"]
[TimeControl "600+2"]

1. e4 c5 2. Nf3 d6 3. Bb5+ Nd7 4. a4 Ngf6 5. Nc3 g6 6. d4 {[%emt 0:00:01] B51: Sicilian: Moscow Variation (3 Bb5+) without 3...Bd7.} cxd4 7. Nxd4 Bg7 8. O-O a6 9. Bc4 O-O 10. Re1 Qc7 11. Ba2 Nc5 12. h3 $146 ({Predecessor:} 12. Bg5 e6 13. Qd2 Bd7 14. a5 b5 15. axb6 Qxb6 16. Nb3 Rfc8 17. Rad1 Ne8 18. Be3 Nxb3 19. Bxb3 Qb4 20. Bd4 a5 {½-½ Vratny,R (2179)-Vitak,P (2252) CZE-chT2F 1516 2015 (10.32)}) 12... e6 13. Bg5 b6 14. Qf3 Nfd7 15. Rad1 Bb7 16. Qg3 Ne5 17. h4 h5 18. f3 Kh7 19. Kh1 Rac8 20. Nde2 Bc6 21. Bb3 b5 22. axb5 axb5 23. Nd4 b4 24. Nce2 Bd7 25. Be3 Qb7 26. Nf4 Nxb3 27. cxb3 Nc6 28. Nxc6 Rxc6 29. Rd2 Rfc8 30. Red1 Qa6 31. Qg5 Be8 32. Qe7 (32. e5 $11) 32... Kg8 (32... Qa2 $17 33. Nd3 Qxb3) 33. Kh2 (33. Rxd6 $11 Rxd6 34. Qxd6 (34. Rxd6 Qf1+ 35. Kh2 Bf8 $11) 34... Qxd6 35. Rxd6) 33... Qb5 ({Black should play} 33... Be5 $17 34. Kh1 Qa2) 34. Ne2 (34. Rxd6 $11 R6c7 35. Qg5) 34... R6c7 35. Qg5 Qxg5 (35... e5 $15) 36. hxg5 $11 Rc2 37. f4 (37. Kg1 $11) 37... Rxd2 38. Rxd2 Bc6 39. Rc2 Bb7 40. Rxc8+ Bxc8 41. Bd2 Ba6 42. Ng1 Bxb2 43. Bxb4 Bd3 44. Bxd6 Bxe4 45. Nf3 (45. Kg3 $11 {remains equal.}) 45... f6 (45... Bxf3 $17 46. gxf3 Bg7) 46. b4 {[%emt 0:00:12] [#]} (46. Kg3 $11 {keeps the balance.}) 46... Kf7 (46... Bxf3 $1 $17 47. gxf3 Kf7) 47. gxf6 (47. Kg3 $11) 47... Bxf6 (47... Bxf3 $1 $17 48. gxf3 Bxf6) 48. b5 (48. Ne5+ $11 Ke8 49. b5) 48... Bxf3 $17 49. gxf3 Bd8 50. Bc5 Bc7 (50... Be7 $17 51. Bf2 Ke8) 51. b6 $11 Bxf4+ 52. Kh3 Ke8 53. b7 g5 54. Be3 Bb8 55. Bxg5 Kd7 56. Kh4 Kc6 57. Kxh5 Kxb7 58. Kg6 Kc6 59. f4 Kd5 60. f5 exf5 61. Kxf5 1/2-1/2

[Event "CCT Julius Baer-D3 2024"]
[Site "Online"]
[Date "2024.09.27"]
[Round "2.1"]
[White "Kamsky, Gata"]
[Black "Sindarov, Javokhir"]
[Result "1/2-1/2"]
[ECO "A48"]
[WhiteElo "2609"]
[BlackElo "2677"]
[Annotator "TA"]
[PlyCount "68"]
[EventDate "2024.09.25"]
[EventType "swiss"]
[EventCountry "NET"]
[SourceTitle "playchess.com"]
[Source "ChessBase"]
[SourceQuality "1"]
[TimeControl "600+2"]

1. d4 Nf6 2. Bf4 g6 3. c3 Bg7 4. Nf3 O-O 5. Nbd2 d6 6. h3 Nfd7 7. e4 e5 8. dxe5 Nxe5 9. Nxe5 dxe5 10. Be3 Qe7 11. Bc4 b6 12. a4 Bb7 13. h4 {[%emt 0:00:05] Black is weak on the light squares} Ba6 14. h5 Bxc4 15. Nxc4 Qe6 16. Qd5 Qxd5 17. exd5 Nd7 18. hxg6 {[%emt 0:00:03] White is more active.} ({Better is} 18. O-O-O $14) 18... hxg6 $11 19. O-O-O f5 20. f3 Kf7 21. Kc2 Rh8 22. Na3 (22. b4 $14 {feels stronger.}) 22... a6 {[%emt 0:00:27] The position is equal.} 23. Nc4 Rxh1 24. Rxh1 b5 25. Na5 Nf6 26. Rd1 $1 Bf8 27. axb5 axb5 28. Nc6 Bd6 29. Bg5 Rh8 30. Na7 b4 31. Nb5 bxc3 32. bxc3 Rh2 33. Rd2 Rh5 34. Bxf6 Kxf6 {[%emt 0:00:00] Weighted Error Value: White=0.09 (flawless) /Black=0.07 (flawless) .  Mistake:       	White=2     	---        Inaccurate:     	---       	Black=3      OK:         	White=11    	Black=10     Best:        	---       	Black=1      Strong:       	White=1     	---} 1/2-1/2

[Event "CCT Julius Baer-D3 2024"]
[Site "Online"]
[Date "2024.09.27"]
[Round "2.2"]
[White "Caruana, Fabiano"]
[Black "Alekseenko, Kirill"]
[Result "1-0"]
[ECO "A20"]
[WhiteElo "2798"]
[BlackElo "2679"]
[Annotator "TA"]
[PlyCount "81"]
[EventDate "2024.09.25"]
[EventType "swiss"]
[EventCountry "NET"]
[SourceTitle "playchess.com"]
[Source "ChessBase"]
[SourceQuality "1"]
[TimeControl "600+2"]

1. c4 e5 2. d3 Bb4+ 3. Nd2 c5 4. Ngf3 d6 $146 ({Predecessor:} 4... Nc6 5. g3 d6 6. Bg2 Nge7 7. O-O Ba5 8. b3 O-O 9. Bb2 h6 10. e3 Be6 {1-0 Caruana,F (2796)-Firouzja,A (2744) Bucharest Superbet Classic 4th playoff rapid 2024 (2)}) 5. g3 f5 6. Bg2 {[%emt 0:00:11] A20: English Opening: 1...e5.} Nf6 7. O-O Ba5 8. Nb1 O-O 9. Bg5 h6 10. Bxf6 Qxf6 11. Nc3 Nc6 12. Nd5 Qf7 13. e3 Be6 14. a3 Ne7 15. Nxe7+ Qxe7 16. Rb1 Rab8 17. b4 Bc7 18. bxc5 dxc5 19. Nh4 Rfd8 20. Bd5 $1 (20. Rxb7 Rxb7 21. Bxb7 g5 $15) 20... Bxd5 21. cxd5 Qf7 22. e4 fxe4 23. dxe4 b5 24. a4 a6 $1 (24... b4 $6 25. Qc2 $16) 25. axb5 axb5 26. Nf5 c4 27. Qc1 Kh7 28. Rd1 Bb6 29. Kg2 Bc5 (29... Qh5 $11 30. f3 (30. Rxb5 Qe2 $17) 30... Bc5) 30. d6 $1 $14 Bd4 (30... b4 $6 31. Rd5 Bxf2 32. Kxf2 $18) ({Black should try} 30... Rb6 $1 $14) 31. Nxd4 $18 exd4 32. Rxd4 Qe6 {[%emt 0:00:08] [#]} 33. Qf4 $1 c3 (33... g5 $16 34. Qd2 Rb6 (34... Rxd6 $2 35. Rxd6 Qe5 36. Rd5 $18)) 34. e5 $18 Rdc8 $2 (34... Rbc8 35. Qe4+ (35. Rxb5 c2 $14) 35... Kh8) 35. d7 $18 Rd8 36. Rd6 Qa2 37. Qe4+ Kh8 38. e6 c2 39. Re1 Qa3 40. e7 Qxd6 41. e8=Q+ ({Inferior is} 41. e8=B b4 42. Qxc2 b3 $17) (41. e8=R+ $142 Rxe8 42. dxe8=Q+ (42. dxe8=R+ Rxe8 43. Qxe8+ Kh7 $18) 42... Rxe8 43. Qxe8+ Kh7 44. Qe4+ (44. Qxb5 Qg6 $18) 44... Qg6 45. Qxg6+ Kxg6 46. Rc1) 1-0

[Event "CCT Julius Baer-D3 2024"]
[Site "Online"]
[Date "2024.09.27"]
[Round "2.2"]
[White "Keymer, Vincent"]
[Black "Santos Latasa, Jaime"]
[Result "1/2-1/2"]
[ECO "A34"]
[WhiteElo "2730"]
[BlackElo "2624"]
[Annotator "TA"]
[PlyCount "63"]
[EventDate "2024.09.25"]
[EventType "swiss"]
[EventCountry "NET"]
[SourceTitle "playchess.com"]
[Source "ChessBase"]
[SourceQuality "1"]
[TimeControl "600+2"]

1. Nf3 Nf6 2. c4 c5 3. Nc3 Nc6 4. g3 d5 5. cxd5 Nxd5 6. Bg2 g6 7. h4 Bg7 8. h5 Bg4 9. Qa4 {[%emt 0:01:26] White is slightly better.} gxh5 (9... Bxh5 $2 {loses.} 10. Nxd5 Qxd5 11. g4 $18) 10. Ng5 {[%emt 0:01:12] [#]} (10. Nh2 $14 {stays ahead.} Be6 11. Nf1) 10... Nb6 $2 (10... e6 $1 $17 11. Nge4 O-O) 11. Bxc6+ $14 bxc6 12. Qxc6+ Qd7 13. Qxd7+ Nxd7 14. f3 Bf5 15. Rxh5 Bg6 16. Rh1 c4 17. Nh3 Nc5 18. Nf4 Kd7 19. Kf2 Rab8 20. Kg2 ({White should play} 20. Rh4 $16) 20... Be5 (20... Ne6 $11 {remains equal.}) 21. Nxg6 ({White should try} 21. Rh4 $16) 21... hxg6 $11 {[%emt 0:00:04] The position is equal.} 22. Rxh8 Bxh8 23. b3 cxb3 24. axb3 Rb7 25. b4 Nb3 26. Rb1 Nxc1 27. Rxc1 Rxb4 {[%emt 0:00:03] KRB-KRN} 28. Ra1 Bd4 29. e3 Bb6 30. Kf1 e6 31. Na4 Kc6 32. Ke2 {[%emt 0:00:18] Weighted Error Value: White=0.22 (precise) /Black=0.21 (precise) .  Mistake:       	White=3     	Black=2      Inaccurate:     	---       	Black=3      OK:         	White=9     	Black=9      Best:        	White=1     	Black=1} 1/2-1/2

[Event "CCT Julius Baer-D3 2024"]
[Site "Online"]
[Date "2024.09.27"]
[Round "2.2"]
[White "Sindarov, Javokhir"]
[Black "Kamsky, Gata"]
[Result "1/2-1/2"]
[ECO "B41"]
[WhiteElo "2677"]
[BlackElo "2609"]
[Annotator "TA"]
[PlyCount "120"]
[EventDate "2024.09.25"]
[EventType "swiss"]
[EventCountry "NET"]
[SourceTitle "playchess.com"]
[Source "ChessBase"]
[SourceQuality "1"]
[TimeControl "600+2"]

1. e4 c5 2. Nf3 e6 3. d4 cxd4 4. Nxd4 a6 5. g3 b5 6. Bg2 {[%emt 0:00:01] B41: Sicilian: Kan Variation: 5 c4.} Bb7 7. O-O Nc6 $1 {[%emt 0:00:02][%mdl 4] is recently more successful than 7...Qc7.} 8. Re1 Nxd4 9. Qxd4 Ne7 10. Nc3 Nc6 11. Qd1 Bb4 12. Bd2 O-O 13. a3 Be7 14. e5 $146 ({Predecessor:} 14. Bf4 d6 15. Ne2 Rc8 16. c3 e5 17. Be3 Qc7 18. f4 exf4 19. Nxf4 Ne5 20. Qe2 {1-0 Wang,P (1888)-Bue,G (1640) Koge Xtracon op 2015 (9)}) 14... f6 15. exf6 Bxf6 16. Bf4 Bxc3 17. bxc3 Na5 18. Bxb7 Nxb7 19. Qd4 Qc8 20. a4 bxa4 21. Rxa4 Nd8 22. Rd1 Rf7 23. c4 Nc6 24. Qe4 a5 25. Ra3 Ra7 26. Rb1 Ra8 27. Rb5 Qf8 28. Rd3 a4 29. Bd6 Qd8 30. Ba3 Qf6 31. Qe3 h6 32. h4 Qg6 33. Qe2 e5 34. c3 Re8 35. Re3 ({White should try} 35. h5 $11 Qf5 36. Rd2) 35... e4 ({Better is} 35... Re6 $1 $15 36. Qd1 Kh8) 36. Kg2 d6 (36... Qe6 $11) 37. Rd5 $2 (37. Rb6 $16 {and life is bright.} Rc7 38. h5) 37... Ref8 $19 38. Rxd6 $2 (38. Bxd6 {was forced.} Rxf2+ 39. Qxf2 Rxf2+ 40. Kxf2) 38... Rxf2+ $19 39. Qxf2 Rxf2+ 40. Kxf2 Qf5+ 41. Kg2 Ne5 42. Rd5 {[%emt 0:00:01] [#]} Ng4 $2 (42... h5 $1 $19 {...Qf6 would now be deadly.} 43. Bc5 (43. Rd8+ Kh7) 43... Qf6) 43. Rxf5 $11 Nxe3+ 44. Kf2 Nxf5 45. h5 $2 (45. c5 $11 {and White stays safe.} Kf7 46. g4 Nxh4 47. Ke3) 45... Kf7 $2 (45... e3+ $19 46. Kf3 e2 47. Kxe2 Nxg3+ 48. Kd2 Nxh5) 46. g4 $11 Ne7 47. Ke3 Nc6 48. Kxe4 Ke6 49. c5 Ne5 50. c6 Nxc6 51. Bf8 Ne5 52. Bxg7 Nxg4 53. c4 Nf6+ 54. Kd3 Nxh5 55. Bxh6 Kd6 56. Kc3 Kc6 57. Kb4 $1 Nf6 58. Kxa4 Nd7 59. Be3 Ne5 60. Kb4 Nxc4 1/2-1/2